 Dungeon Crawl Stone Soup version 0.21.0-24-g2553a33 (webtiles) character file.

11141 doot the Cruncher (level 11, -12/105 HPs)
             Began as a Troll Chaos Knight on Jan 20, 2018.
             Mangled by a brown ugly thing (14 damage)
             ... on level 11 of the Dungeon.
             The game lasted 00:46:43 (11394 turns).

doot the Cruncher (Troll Chaos Knight)             Turns: 11394, Time: 00:46:47

Health: -12/105    AC: -4    Str: 26    XL:     11   Next: 45%
Magic:  10/10      EV: 11    Int: 18    God:    Xom [.*....]
Gold:   593        SH:  0    Dex: 10    Spells: 9/10 levels left

rFire    . . .     SeeInvis .   o - +8 quarterstaff (chaos)
rCold    + . .     Gourm    +   (shield currently unavailable)
rNeg     . . .     Faith    .   X - +3 troll leather armour
rPois    .         Spirit   .   (helmet restricted)
rElec    .         Reflect  .   p - +1 cloak
rCorr    .         Harm     .   (gloves unavailable)
MR       .....                  (boots unavailable)
Stlth    +++.......             (no amulet)
HPRegen  1.07/turn              V - +5 ring of intelligence
MPRegen  0.12/turn              T - ring of protection from cold

@: brilliant, about to teleport, corroded, drained
A: large, unfitting armour, claws 3, camouflage 1, fast metabolism 3, gourmand,
regeneration 1, shaggy fur 1, strong 1, tough skin 2, wild magic 1
a: Renounce Religion


You were on level 11 of the Dungeon.
You worshipped Xom.
You were a plaything of Xom.
You were not hungry.

You visited 2 branches of the dungeon, and saw 12 of its levels.
You also visited: Sewer.

You collected 826 gold pieces.
You spent 233 gold pieces at shops.

Inventory:

Hand Weapons
 a - a +0 short sword of chaos
 g - a +0 whip
 o - a +8 quarterstaff of chaos (weapon)
 y - the +1 trident of Doubt {drain, rPois Str+4 Dex+4}
   (You found it on level 4 of the Dungeon)

   A truly terrible weapon, it drains the life of those it strikes.
   It affects your strength (+4).
   It affects your dexterity (+4).
   It protects you from poison.
 z - a +0 flail of draining
 A - a +0 scythe
 I - a +0 broad axe
Missiles
 r - a throwing net (quivered)
Armour
 b - a +2 robe
 k - a +0 large shield
 p - a +1 cloak (worn)
 t - a +0 pair of gloves
 u - a +1 pair of boots
 x - the +3 leather armour of Safron {+Inv, unknown}
   (You found it on level 10 of the Dungeon)

   It lets you turn invisible.
 B - a +2 robe of fire resistance
 L - a +1 helmet
 X - a +3 troll leather armour (worn)
Jewellery
 i - a +3 ring of intelligence
 T - a ring of protection from cold (right claw)
 V - a +5 ring of intelligence (left claw)
Wands
 h - a wand of random effects (53)
 m - a wand of paralysis (16)
 q - a wand of flame (24)
 G - a wand of digging (8)
 N - a wand of polymorph (14)
 P - a wand of disintegration (27)
Scrolls
 d - 2 scrolls of remove curse
 e - a scroll of amnesia {unknown}
 f - 12 scrolls of identify
 j - 2 scrolls of immolation {unknown}
 n - 6 scrolls of teleportation
 w - 3 scrolls of magic mapping {unknown}
 C - 2 scrolls of blinking
 H - a scroll of holy word {unknown}
 M - a scroll of fear {unknown}
 O - a scroll of fog {unknown}
Potions
 l - 4 potions of haste {unknown}
 s - 2 potions of brilliance
 D - 3 potions of heal wounds
 E - 5 potions of might
 F - 3 potions of curing
 K - 4 potions of degeneration {unknown}
 Q - a potion of agility
 R - a potion of resistance {unknown}
 U - a potion of magic {unknown}
 W - a potion of cancellation {unknown}
Books
 v - a book of Cantrips

   Spells                             Type                      Level
   a - Confusing Touch                Hexes                        1
   b - Animate Skeleton               Necromancy                   1
   c - Summon Small Mammal            Summoning                    1
   d - Apportation                    Translocation                1
 J - the Papyrus of the Birds
   (You found it on level 6 of the Dungeon)

   Spells                             Type                      Level
   a - Lightning Bolt                 Conjuration/Air              5
   b - Freezing Cloud                 Conjuration/Ice/Air          6
   c - Tornado                        Air                          9
 S - the Handbook of Bewitchment and Flight
   (You found it on level 8 of the Dungeon)

   Spells                             Type                      Level
   a - Confusing Touch                Hexes                        1
   b - Airstrike                      Air                          4
   c - Conjure Ball Lightning         Conjuration/Air              6
Comestibles
 c - 26 rations


   Skills:
 + Level 6.2(5.6) Fighting
 + Level 2.7(2.1) Short Blades
 + Level 2.6(7.4) Maces & Flails
 * Level 10.8(10.3) Staves
 + Level 5.9(5.3) Dodging
 + Level 3.0(2.5) Stealth
 * Level 4.8(4.2) Shields


You had 9 spell levels left.
You knew the following spells:

 Your Spells              Type           Power        Failure   Level  Hunger
a - Confusing Touch       Hex            ##....       4%          1    ##.....


Dungeon Overview and Level Annotations

Branches:
Dungeon (11/15)            Temple (1/1) D:6            Lair (0/6) D:10
    Orc (0/2) D:11

Altars:
Ashenzari
Cheibriados
Dithmenos
Elyvilon
Fedhas
Gozag
Hepliaklqana
Kikubaaqudgha
Makhleb
Nemelex Xobeh
Okawaru
Qazlal
Ru
Sif Muna
Trog
Uskayaw
Vehumet
Wu Jian
Xom
Yredelemnul
Zin
The Shining One

Shops:
D:6 ?

Annotations:
D:9 Flooderbenga's ghost, novice GrGl


Innate Abilities, Weirdness & Mutations

You are too large for most types of armour.
You have claws for hands.
Your metabolism is lightning-fast.
You like to eat raw meat.
Your natural rate of healing is unusually fast.
You are covered in fur. (AC +1)
You have very tough skin. (AC +2)
Your skin changes colour to match your surroundings (Stealth+).
Your muscles are strong. (Str +2)
Your spells are a little harder to cast, but a little more powerful.


Message History

* * * LOW HITPOINT WARNING * * *
The acid corrodes you!
You are splashed with acid!
The acid burns!
* * * LOW HITPOINT WARNING * * *
Unknown command.
Okay, then.
Okay, then.
Okay, then.
Okay, then.
As you read the scroll of teleportation, it crumbles to dust.
You feel strangely unstable. The brown ugly thing kicks you.
* * * LOW HITPOINT WARNING * * *
You are splashed with acid!
The acid burns!
* * * LOW HITPOINT WARNING * * *
You feel much better. The brown ugly thing kicks you!
* * * LOW HITPOINT WARNING * * *
You are splashed with acid!
The acid burns!
* * * LOW HITPOINT WARNING * * *
The brown ugly thing kicks you!
You die...
Xom chuckles heartily!

# #.##########
#..........# ##########[#
#.# #.#
########.########.
#.uJ..........†...
######@#####..##.......
#......#####..#########
#.####.##..)..# ##.##
####)##..# #...#
#[).#..######
##########)8.#
#[8.#..)....#
#....)...#...##
##[).##<####)####
#.####.####.#'###'#.###.#
#...## #.# #.#
#.##..[##.# #.# #.#.Y.


You could see a brown ugly thing and a jelly.

Vanquished Creatures
  2 two-headed ogres (D:8)
  A death yak (D:11)
  An unseen horror (D:10)
  A lindwurm (shapeshifter) (D:7)
  Pikel (D:7)
  A deep elf mage (D:11)
  A cyclops (D:11)
  A water nymph (D:9)
  A gargoyle (D:11)
  A spiny frog (shapeshifter) (D:9)
  A troll (D:11)
  A hippogriff (D:10)
  A blink frog (D:11)
  A spriggan (D:8)
  Sigmund (D:4)
  A wyvern (D:11)
  Edmund (D:4)
  A water moccasin (D:11)
  An eye of draining (D:10)
  4 ice beasts
  7 orc warriors
  A slave (D:7)
  2 sky beasts
  2 necrophages
  6 ogres
  A centaur (D:8)
  A big kobold (D:9)
  The ghost of Suckerboh the Magician, an amateur DEFE (D:3)
  2 wyvern zombies
  4 bullfrogs
  4 scorpions
  5 killer bees (D:3)
  4 howler monkeys
  5 wights (D:7)
  5 crimson imps
  A centaur zombie (D:8)
  8 hounds
  A quasit (D:11)
  A jelly (D:11)
  2 centaur skeletons (D:11)
  7 orc priests
  2 bullfrog skeletons
  10 orc wizards
  An iguana (D:9)
  7 worker ants
  3 hell rats
  A killer bee zombie (D:9)
  2 hound zombies
  6 gnolls
  15 adders
  A river rat (D:10)
  3 shadow imps
  A white imp (D:11)
  An ooze (D:2)
  An adder skeleton (D:4)
  4 worms
  A dart slug (D:2)
  6 leopard geckos
  63 orcs
  4 ball pythons
  7 bats
  9 giant cockroaches
  7 goblins
  4 hobgoblins
  17 jackals
  4 quokkas
  11 frilled lizards
  15 kobolds
  A leopard gecko skeleton (D:4)
  A leopard gecko zombie (D:5)
  A quokka zombie (D:5)
  7 rats
  A plant (Sewer)
311 creatures vanquished.

Vanquished Creatures (collateral kills)
  Blork the orc (D:5)
  2 bullfrog zombies (D:5)
3 creatures vanquished.

Vanquished Creatures (others)
  An ogre (D:10)
  A crimson imp (D:11)
  A leopard gecko (D:4)
3 creatures vanquished.

Grand Total: 317 creatures vanquished

Notes
Turn   | Place    | Note
-------+----------+-------------------------------------------
     0 | D:1      | doot the Troll Chaos Knight began the quest for the Orb.
     0 | D:1      | Reached XP level 1. HP: 22/22 MP: 0/0
    82 | D:1      | XOM: silly message
   194 | D:1      | Reached XP level 2. HP: 29/29 MP: 1/1
   738 | D:1      | XOM: divination: detect items
   823 | D:1      | XOM: summons 4 hostile shadow creatures
   977 | D:2      | Reached XP level 3. HP: 32/36 MP: 2/2
  1044 | D:2      | XOM: smoke on damage
  1079 | D:2      | Reached skill level 1 in Maces & Flails
  1165 | D:2      | Reached XP level 4. HP: 35/45 MP: 3/3
  1484 | D:2      | Found a white marble altar of Elyvilon.
  1609 | D:2      | XOM: 4-stop teleportation journey
  1652 | D:2      | Found a runed door.
  1656 | D:2      | Noticed Crazy Yiuf
  1660 | D:2      | Noticed Crazy Yiuf
  1660 | D:2      | Crazy Yiuf changed into Crazy Yiuf the worm
  1660 | D:2      | XOM: polymorph Crazy Yiuf -> Crazy Yiuf the worm
  1663 | D:2      | Killed Crazy Yiuf the worm
  1910 | D:3      | XOM: silly message
  1959 | D:3      | Noticed Suckerboh's ghost (amateur DEFE)
  1959 | D:3      | XOM: confuse monster(s)
  1989 | D:3      | Killed Suckerboh's ghost
  1989 | D:3      | Reached XP level 5. HP: 46/53 MP: 4/4
  1998 | D:3      | Reached skill level 1 in Staves
  2060 | D:3      | Reached XP level 6. HP: 44/61 MP: 5/5
  2063 | D:3      | XOM: torment (20/61 hp)
  2079 | D:3      | XOM: divination: magic mapping
  2168 | D:3      | XOM: confusion
  2176 | D:3      | Reached skill level 2 in Staves
  2362 | D:3      | Found a faded altar of an unknown god.
  2925 | D:4      | Reached XP level 7. HP: 42/68 MP: 6/6
  3020 | D:4      | XOM: severe Necr miscast
  3151 | D:4      | XOM: god gift: scroll labeled COWENI DOME {god gift}
  3305 | D:4      | XOM: butterfly on damage
  3306 | D:4      | XOM: cast spell 'Summon Ice Beast'
  3312 | D:4      | XOM: 2-stop teleportation journey
  3493 | D:4      | XOM: noise
  3511 | D:4      | XOM: cloud trail
  3614 | D:4      | Reached skill level 3 in Staves
  3614 | D:4      | Reached skill level 1 in Stealth
  3661 | D:4      | Got a faintly glowing trident
  3662 | D:4      | Identified the cursed +1 trident of Doubt {drain, rPois Str+4 Dex+4} (You found it on level 4 of the Dungeon)
  3692 | D:4      | Noticed Edmund
  3692 | D:4      | XOM: cast spell 'Summon Butterflies'
  3855 | D:4      | XOM: noise
  3856 | D:4      | XOM: confuse monster(s)
  3907 | D:4      | Killed Edmund
  3982 | D:4      | Noticed Sigmund
  3997 | D:4      | Killed Sigmund
  3997 | D:4      | Reached skill level 4 in Staves
  4325 | D:4      | XOM: god gift: black potion {god gift}
  4336 | D:5      | Entered Level 5 of the Dungeon
  4409 | D:5      | Found a glowing drain.
  4423 | Sewer    | Entered a sewer
  4438 | Sewer    | Reached XP level 8. HP: 76/78 MP: 7/7
  4867 | Sewer    | XOM: god gift: silver wand {god gift}
  5064 | D:5      | XOM: scenery: create altars
  5085 | D:5      | Reached skill level 5 in Staves
  5236 | D:5      | XOM: summons friendly quasit
  5340 | D:5      | XOM: mild Hex miscast
  5380 | D:5      | Reached skill level 1 in Shields
  5583 | D:5      | Noticed Blork the orc
  5585 | D:5      | XOM: summons 8 friendly demons
  5591 | D:5      | Killed Blork the orc
  5711 | D:6      | Found Coihaxkod's Magic Scroll Shop.
  5719 | D:6      | XOM: confusion
  5732 | D:6      | Reached skill level 6 in Staves
  5739 | D:6      | XOM: summons 4 hostile demons
  5740 | D:6      | Noticed an ice devil
  5861 | D:6      | Bought a scroll of teleportation for 39 gold pieces
  5861 | D:6      | Bought a scroll of enchant weapon for 97 gold pieces
  5861 | D:6      | Bought a scroll of blinking for 97 gold pieces
  5903 | D:6      | Identified the Papyrus of the Birds
  5943 | D:6      | Found a staircase to the Ecumenical Temple.
  5973 | Temple   | Entered the Ecumenical Temple
  6263 | D:6      | XOM: harmless Erth miscast
  6374 | D:6      | Reached XP level 9. HP: 84/84 MP: 8/8
  6753 | D:7      | XOM: repel stairs
  7141 | D:7      | Reached skill level 7 in Staves
  7193 | D:7      | Noticed Pikel
  7208 | D:7      | XOM: stat loss: -1 Dex (9/10)
  7211 | D:7      | XOM: repel stairs
  7216 | D:7      | Killed Pikel
  7348 | D:7      | XOM: harmless Fire miscast
  7364 | D:7      | XOM: noise
  7555 | D:7      | Noticed a two-headed ogre
  7574 | D:7      | XOM: confusion (+ monsters)
  7621 | D:7      | Noticed a glowing shapeshifter
  7621 | D:7      | a two-headed ogre changed into a glowing shapeshifter
  7621 | D:7      | XOM: polymorph two-headed ogre -> glowing shapeshifter
  7622 | D:7      | Noticed a lindwurm
  7622 | D:7      | a glowing shapeshifter changed into a lindwurm
  7624 | D:7      | XOM: smoke on damage
  7632 | D:7      | Killed a lindwurm
  7632 | D:7      | Reached skill level 5 in Fighting
  7632 | D:7      | Reached skill level 8 in Staves
  7632 | D:7      | Reached skill level 5 in Dodging
  7797 | D:7      | XOM: give mutations
  7797 | D:7      | Gained mutation: Your skin changes colour to match your surroundings (Stealth+). [Xom's grace]
  7797 | D:7      | Gained mutation: Your muscles are strong. (Str +2) [Xom's grace]
  7954 | D:7      | XOM: give mutation
  7954 | D:7      | Gained mutation: Your spells are a little harder to cast, but a little more powerful. [Xom's grace]
  7974 | D:7      | XOM: cloud trail
  8096 | D:8      | Noticed a two-headed ogre
  8099 | D:8      | XOM: fog
  8105 | D:8      | Killed a two-headed ogre
  8105 | D:8      | Reached XP level 10. HP: 63/95 MP: 9/9
  8197 | D:8      | Noticed a two-headed ogre
  8199 | D:8      | XOM: smoke on damage
  8205 | D:8      | Killed a two-headed ogre
  8205 | D:8      | Reached skill level 9 in Staves
  8805 | D:8      | XOM: god gift: ration
  8811 | D:8      | Identified the Handbook of Bewitchment and Flight
  8815 | D:8      | Learned a level 1 spell: Confusing Touch
  9010 | D:9      | Found a shadowy altar of Dithmenos.
  9012 | D:9      | Noticed a red ugly thing
  9018 | D:9      | XOM: cast spell 'Disjunction'
  9034 | D:9      | Noticed a water nymph
  9034 | D:9      | a red ugly thing changed into a water nymph
  9034 | D:9      | XOM: polymorph red ugly thing -> water nymph
  9039 | D:9      | Killed a water nymph
  9070 | D:9      | XOM: scenery: 3 doors open, 1 doors close
  9207 | D:9      | XOM: noise
  9429 | D:9      | XOM: god gift: scroll of teleportation
  9547 | D:9      | Noticed Flooderbenga's ghost (novice GrGl)
  9550 | D:9      | XOM: scenery: 1 doors close
  9761 | D:10     | Entered Level 10 of the Dungeon
  9791 | D:10     | Paralysed by something for 2 turns
  9793 | D:10     | XOM: destruction
  9910 | D:10     | XOM: fake destruction
  9911 | D:10     | Noticed an unseen horror
  9917 | D:10     | Killed an unseen horror
  9917 | D:10     | Reached skill level 10 in Staves
  9929 | D:10     | Found a staircase to the Lair.
  9938 | D:10     | Got a crude leather armour
  9956 | D:10     | Noticed a death yak
  9956 | D:10     | XOM: scenery: create altars
  9980 | D:11     | XOM: fog
  9985 | D:11     | XOM: fog
  9991 | D:10     | Noticed a death yak
  9991 | D:10     | Noticed a death yak
 10006 | D:11     | XOM: fog
 10024 | D:11     | XOM: divine lightning
 10025 | D:11     | Killed a death yak
 10033 | D:11     | Noticed a two-headed ogre
 10034 | D:11     | Noticed a two-headed ogre
 10051 | D:11     | XOM: summons 4 friendly demons
 10103 | D:11     | Reached XP level 11. HP: 68/105 MP: 10/10
 10158 | D:11     | XOM: polymorph orc priest -> hound
 10272 | D:11     | Found a staircase to the Orcish Mines.
 10298 | D:11     | XOM: cleaving
 10307 | D:11     | XOM: god gift: 3 rations
 10316 | D:11     | Noticed a deep elf mage
 10327 | D:11     | Killed a deep elf mage
 10389 | D:11     | Noticed a brown ugly thing
 10490 | D:11     | XOM: potion effect (invisibility)
 10507 | D:11     | Noticed a purple ugly thing
 10517 | D:11     | Noticed a cyan ugly thing
 10572 | D:11     | XOM: divine lightning
 10576 | D:11     | HP: 2/105 [something/stone arrow (9)]
 10577 | D:11     | XOM: enchant monster (good)
 10578 | D:11     | XOM: polymorph yak -> blink frog
 10711 | D:10     | XOM: scenery: create altars
 10714 | D:10     | XOM: smoke on damage
 10722 | D:10     | XOM: scenery: create altars
 10727 | D:10     | XOM: god gift: 28 arrows
 10824 | D:10     | XOM: scenery: create altars
 10832 | D:10     | XOM: scenery: create altars
 10835 | D:10     | XOM: swap monsters
 10850 | D:9      | XOM: polymorph hornet -> shapeshifter
 10902 | D:9      | XOM: draining
 11127 | D:10     | XOM: mild Conj miscast
 11140 | D:10     | XOM: summons 2 friendly demons
 11148 | D:10     | XOM: mild Air miscast
 11150 | D:10     | XOM: scenery: create altars
 11164 | D:10     | XOM: repel stairs
 11377 | D:11     | XOM: enchant monster (bad)
 11383 | D:11     | XOM: potion effect (brilliance)
 11393 | D:11     | HP: 4/105 [acid (9)]
 11394 | D:11     | Mangled by a brown ugly thing

Skill      XL: |  1  2  3  4  5  6  7  8  9 10 11 |
---------------+----------------------------------+-----
Dodging        | 2 3 4 5 |  5.9
Maces & Flails | 1 2 |  2.6
Fighting       | 3 4 5 6 |  6.2
Staves         | 1 2 4 6 8 10 | 10.8
Stealth        | 1 2 3 |  3.0
Shields        | 1 3 4 |  4.8
Short Blades   | |  2.7

Action                   |  1- 3 |  4- 6 |  7- 9 | 10-12 || total
-------------------------+-------+-------+-------+-------++-------
Melee: Short sword       |    17 |       |       |       ||    17
       Whip              |   153 |    44 |       |       ||   197
       Quarterstaff      |       |   126 |   324 |   373 ||   823
       Trident           |       |       |     4 |       ||     4
 Cast: Confusing Touch   |       |       |       |     1 ||     1
  Use: Potion            |     1 |     4 |     1 |     4 ||    10
       Scroll            |       |       |     9 |    10 ||    19
 Stab: Sleeping          |       |     1 |     3 |     2 ||     6
       Paralysed         |       |       |       |     6 ||     6
       Petrifying        |       |       |       |     1 ||     1
       Petrified         |       |       |       |     1 ||     1
       Invisible         |       |       |       |     8 ||     8
  Eat: Chunk             |    10 |    23 |    38 |    26 ||    97
       Ration            |       |       |     1 |     2 ||     3
Armor: Robe              |    79 |    66 |   107 |    90 ||   342
       Skin              |    55 |    25 |    31 |     8 ||   119
       Troll leather arm |       |       |       |    37 ||    37
Dodge: Dodged            |    92 |   105 |   161 |   205 ||   563
